Unix NetHack Version 3.7.0-101 Work-in-progress - last build Apr 2 2024 00:39:54 (cf3915abb6dcc6e3362b2b16a766b7b4f6c45fc9,branch:master). Game began 2024-04-02 02:24:06, ended 2024-04-19 21:01:39. Zega, lawful female dwarven Archeologist --------------------------------- |....|..|..|....-..|..|..|......| ---------- |....|..|..-....|..|..|..|......| |........| |....-|-----....----|--|--......|########-........| |...............................|# # |....<...| |....----..........----|---|-...-## ---------- |....|..|.........{|G...|...|...|# |....|..|..........|..@.|%%%|...|# |....-|--..........|..@.|%%%|...|# | |.............{....|....|%(.|....# |.....- ..------.--------.----------|...|# | |.|....|...|(((.-.|....|(((.-...|## |.|....|...|((..|.|....|(((.|...|## |.-....|...|((].|......|(.(.|...|# |.---------------.-----------...|# |...........................%...|# --------------------------------- Zega the Field Worker St:13 Dx:10 Co:13 In:14 Wi:15 Ch:11 Lawful S:1655 Dlvl:5 $:1273 HP:26(27) Pw:15(15) AC:8 Xp:3/43 T:1391 Latest messages: In what direction? Whammm!! In what direction? As you kick the door, it crashes open! In what direction? You stop. The gnome is in the way! You swap places with the peaceful gnome. The gnome zombie hits! You hit the gnome zombie. You hit the gnome zombie. You hit the gnome zombie. The gnome zombie hits! You hit the gnome zombie. You hear water falling on coins. You destroy the gnome zombie! You hear an animal carcass being offered in sacrifice. What do you want to read? [jklqr or ?*] l You begin to memorize the runes. You learn the "confuse monster" spell. What do you want to read? [jklqr or ?*] r You begin to memorize the runes. You add the "force bolt" spell to your repertoire, as 'b'. You have a forbidding feeling... Restoring save file... Hello Zega, the dwarven Archeologist, welcome back to NetHack! What do you want to ready? [$anx or ?*] Never mind. What do you want to drink? [m or ?*] Never mind. What do you want to drink? [m or ?*] Never mind. What do you want to drink? [m or ?*] Never mind. What do you want to ready? [$anx or ?*] Never mind. What do you want to ready? [$anx or ?*] Never mind. Really quit? [yn] (n) y Do you want your possessions identified? [ynq] (y) q Inventory: Coins $ - 1273 gold pieces Weapons x - a +0 dagger n - a blessed +1 orcish dagger a - a +2 bullwhip Armor c - an uncursed +0 fedora o - an uncursed +0 orcish helm (being worn) b - an uncursed +0 leather jacket (being worn) Comestibles p - an uncursed kebab d - 4 uncursed food rations s - an uncursed lembas wafer Scrolls k - a cursed scroll of confuse monster j - an uncursed scroll of enchant armor q - 2 uncursed scrolls of identify Spellbooks l - an uncursed spellbook of confuse monster r - an uncursed spellbook of force bolt Potions m - 2 uncursed potions of healing Wands t - a wand of enlightenment (0:11) Tools h - an uncursed sack containing 1 item y - an uncursed wooden flute A - an uncursed blindfold i - an uncursed oil lamp f - a tinning kit (0:83) Gems/Stones g - an uncursed touchstone Contents of the sack: a +0 pick-axe Zega the Archeologist's attributes: Background: You were a Field Worker, a level 3 female dwarven Archeologist. You were lawful, on a mission for Quetzalcoatl who was opposed by Camaxtli (neutral) and Huhetotl (chaotic). You were right-handed. You were in the Gnomish Mines, on level 5. You entered the dungeon 1391 turns ago. You had 43 experience points, 37 more were needed to attain level 4. Your score was 1655 before end-of-game adjustments. Basics: You had 26 out of 27 hit points. You had all 15 energy points (spell power). Your armor class was 8. Your wallet contained 1273 zorkmids. Autopickup was on for '$"=/!?' plus thrown. Final Characteristics: Your strength was 13 (limit:18/100). Your dexterity was 10 (limit:20). Your constitution was 13 (limit:20). Your intelligence was 14 (limit:16). Your wisdom was 15 (limit:16). Your charisma was 11 (limit:16). Final Status: You weren't hungry. You were unencumbered. You were bare handed. You were unskilled in bare handed combat. Final Attributes: You were devoutly aligned. You were telepathic. You had automatic searching. You had infravision. You survived. Miscellaneous: You disabled loading of bones levels. Total elapsed playing time was 15 minutes and 52 seconds. Major events: Turn 1: Zega the lawful female dwarven Archeologist entered the dungeon 513: entered the Gnomish Mines 996: reached Mine Town 1120: attained the rank of Field Worker (level 3) 1391: quit Vanquished creatures: a gnome leader a green mold a red mold 10 gnomes 3 gnome zombies a gecko a jackal a fox 2 goblins 3 lichens 2 newts 26 creatures vanquished. No species were genocided or became extinct. Voluntary challenges: You read items or engraved 4 times. You engraved Elbereth 2 times. You never genocided any monsters. You never polymorphed an object. You never changed form. You used no wishes. Achievements: You entered the Gnomish Mines. You entered Minetown. You entered a shop. You entered a temple. You attained the rank of Field Worker. The Dungeons of Doom: levels 1 to 3 Level 1: Level 2: "v" Stairs down to The Gnomish Mines. Level 3: The Gnomish Mines: levels 3 to 5 Level 3: Level 4: Level 5: <- You were here. A temple and an altar, some fountains. Goodbye Zega the Archeologist... You quit in The Gnomish Mines on dungeon level 5 with 1655 points, and 1273 pieces of gold, after 1391 moves. You were level 3 with a maximum of 27 hit points when you quit.